[Event "16th HSG Open-A 2022"]
[Site "Hilversum"]
[Date "2022.06.18"]
[Round "3.8"]
[White "Khabichev, Valeriy"]
[Black "Leenhouts, Koen"]
[Result "1/2-1/2"]
[ECO "B92"]
[WhiteElo "2075"]
[BlackElo "2416"]
[Annotator "TA"]
[PlyCount "207"]
[EventDate "2022.06.17"]
[EventCountry "NED"]
[SourceTitle "playchess.com"]
[Source "ChessBase"]
[SourceQuality "1"]
[TimeControl "6600+10"]

1. e4 c5 2. Nf3 e6 3. d4 cxd4 4. Nxd4 Nc6 5. Nb5 d6 6. Bf4 e5 7. Be3 Be6 8. Be2 a6 9. N5c3 Nf6 10. O-O Be7 11. a4 O-O 12. Nd2 Rc8 {[%emt 0:07:42] B92: Sicilian Najdorf: 6 Be2.} 13. Nc4 $1 Nd4 14. Bxd4 {[%emt 0:01:18] Hoping for Bb6.} Bxc4 {[%emt 0:00:04] The position is equal.} 15. Be3 Qa5 16. Bxc4 Rxc4 17. Qd3 Rfc8 18. f3 {[%emt 0:01:57] [#]} h6 $146 ({Predecessor:} 18... Qb4 19. Ra3 Qxb2 20. Rb3 Qxb3 21. cxb3 Rxc3 22. Qd2 Rxb3 23. Rc1 Rc6 24. h3 h6 {1-0 (51) Czarnecka,L (1901)-Dwilewicz,K (2092) Bydgoszcz 2020}) 19. Rfd1 Qb4 20. Ra3 Qxb2 21. Rb3 Qxc3 22. Rxc3 Rxc3 23. Qd2 Rxc2 24. Qb4 R8c7 25. Qb1 Bf8 26. a5 Be7 27. Bb6 R7c6 28. Be3 Rc7 29. Bb6 R7c3 30. Bf2 Bd8 31. Qxb7 Bxa5 32. Qxa6 Bb4 33. Qb7 (33. Qa8+ $11 Kh7 34. Qb7) 33... Rb2 (33... Rb3 $1 $17 {[%cal Rb3b2] Threatens to win with ...Rbb2.} 34. Ra1 Rbb2) 34. Kh1 $1 $11 Rcc2 35. Ba7 (35. Be3 $11) 35... Rxg2 (35... g6 $1 $17 36. Be3 Bd2 37. Qxb2 Rxb2 38. Bxd2 h5) 36. Qc8+ Kh7 37. Qf5+ Kh8 38. Bg1 (38. Qc8+ Ng8 39. Qh3 Rgc2 $17) 38... Rg5 39. Qh3 (39. Qc8+ $11 {was the only way to keep the balance.} Kh7 40. Rf1) 39... Nh5 ({Black should play} 39... Kh7 $17 {aiming for ...Nh5.} 40. Qc8 Bd2) 40. Be3 Nf4 41. Bxf4 exf4 42. Rg1 (42. Qc8+ $11 {remains equal.} Kh7 43. Rg1) 42... Bc5 43. Qc8+ (43. Rxg5 {leads to mate.} Rb1+) 43... Kh7 44. Rxg5 {[%emt 0:01:03] The board is on fire.} Rb1+ 45. Kg2 Rg1+ 46. Kh3 Rxg5 {[%emt 0:00:08][%mdl 4096] Endgame KQ-KRB} 47. Qd7 Kg6 48. Qc8 Bd4 49. Qd7 Be5 50. Qc8 Rh5+ 51. Kg2 Bd4 52. Qd7 Bc5 53. h4 Re5 54. Qg4+ {[%emt 0:00:14][%mdl 1024] White has compensation.} Kh7 55. Qd7 (55. Qxf4 $14 Kg8 56. Qg4) 55... f6 56. Qg4 Be3 57. Qd7 Rc5 58. Qxd6 Rc2+ 59. Kh1 Rc5 60. Qe6 Re5 61. Qd7 Bf2 62. Qg4 Bg3 63. Kg2 h5 64. Qh3 Rc5 65. Kf1 Kh6 66. Ke2 Rc3 67. Kd2 $2 (67. Qf5 $11) 67... Rxf3 $19 68. Qc8 Bxh4 {[%emt 0:01:46] ...Re3 is the strong threat.} 69. Qh8+ Kg6 70. Qe8+ Kg5 71. Qf7 $2 (71. Qf8 Kg4 72. Qxg7+ Bg5 73. Qd7+ Kh4 74. Kc2) 71... Rf2+ 72. Kd3 g6 $2 (72... Kh6 $1 $19 73. Qf8 Rf3+ 74. Kd4 Be1) 73. e5 $1 $11 Rf3+ (73... fxe5 $5 74. Qe7+ Kf5 75. Qd7+ (75. Qxh4 Rf3+ 76. Kd2 Re3 $11) 75... Kg5 76. Qe7+ Kf5 77. Qxh4 Rb2 $11) 74. Kc4 (74. Kd2 $1 $11) 74... fxe5 $15 75. Qe7+ Kg4 $1 76. Qe6+ Kg3 77. Qxg6+ Kf2 78. Qxh5 Bg3 79. Qxe5 Re3 $1 80. Qd4 Kf1 (80... f3 $15) 81. Qd1+ Kg2 82. Kd4 (82. Qc2+ $11 Kf1 83. Qd1+ Kf2 84. Qd4) 82... Bf2 83. Kc4 f3 84. Qd5 Re1 ({Black should try} 84... Bg3 $15) 85. Qg5+ (85. Qg8+ $1 $11 Bg3 86. Qa8) 85... Bg3 86. Qd5 Rc1+ 87. Kb3 Rc7 88. Ka2 Re7 89. Kb3 Re3+ 90. Kc4 Kf1 91. Qg5 Bf2 (91... Kf2 $17 92. Qc5 Bf4) 92. Qg6 (92. Kd4 $11) 92... Be1 $1 {[%emt 0:00:42] White must now prevent ...f2.} 93. Kd4 Bf2 (93... Ra3 $5 94. Qd6 Ra4+ 95. Ke3 Kg2 96. Qg6+ Bg3 97. Qc2+ f2 98. Qxa4 f1=Q $15) 94. Kc4 ({Of course not} 94. Qf5 Re1+ 95. Kc4 Kg2 $17) 94... Be1 {[%emt 0:01:27] Strongly threatening ...f2.} (94... Bh4 $5 95. Qh6 Re4+ 96. Kd3 Ra4 $17) 95. Kd4 $1 Ra3 $1 96. Qd6 Ra4+ $1 97. Ke3 f2 $2 {[%emt 0:00:52][%mdl 8192] [#]} (97... Kg2 $15 98. Qg6+ Bg3 99. Qc2+ f2 100. Qxa4 f1=Q) 98. Kf3 $1 Bb4 99. Qd3+ Kg1 100. Qg6+ Kf1 {[%emt 0:00:03] [#]} 101. Qg2+ $2 (101. Qb1+ $1 {mates} Be1 102. Qb5+ Rc4 103. Qxc4+ Kg1 104. Qg4+ Kh2 105. Qg2#) 101... Ke1 $14 {[%emt 0:00:02] ( -> ...Bc5). White is slightly better.} 102. Qxf2+ Kd1 103. Qb2 {[%emt 0:00:29] Intending Qb3+ and mate.} Ra3+ 104. Qxa3 {[%emt 0:00:11] Never resign too early!  Weighted Error Value: White=0.18 (very precise) /Black=0.14 (very precise)} 1/2-1/2

[Event "16th HSG Open-A 2022"]
[Site "Hilversum"]
[Date "2022.06.18"]
[Round "3.9"]
[White "Grutter, Tim"]
[Black "Spit, Vincent"]
[Result "1-0"]
[ECO "B41"]
[WhiteElo "2241"]
[BlackElo "2103"]
[Annotator "TA"]
[PlyCount "113"]
[EventDate "2022.06.17"]
[EventCountry "NED"]
[SourceTitle "playchess.com"]
[Source "ChessBase"]
[SourceQuality "1"]
[TimeControl "6600+10"]

1. e4 c5 2. Nf3 e6 3. d4 cxd4 4. Nxd4 a6 5. c4 Nf6 6. Nc3 Bb4 7. Qd3 {[%emt 0:01:01] is the new trend. B41: Sicilian: Kan Variation: 5 c4.} Nc6 8. Nxc6 dxc6 9. Qxd8+ {[%emt 0:00:26] White is slightly better. 9.e5 is vanishing.} Kxd8 10. Bd2 e5 11. f3 Ke7 {[%emt 0:07:02] [#]} 12. g4 $146 ({Predecessor:} 12. O-O-O Rd8 13. a3 Bc5 14. Be2 Be6 15. Na4 Bd4 16. Bb4+ Ke8 17. Bc5 b5 18. Bxd4 Rxd4 {1-0 (32) Pour Agha Bala,A (2432)-Begaudeau,C Europe Echecs INT 2021}) 12... Bd6 13. O-O-O Be6 14. Bg5 b5 15. Be2 ({Of course not} 15. cxb5 axb5 16. b3 Ra3 17. Rxd6 Kxd6 18. Bxb5 Bxb3 $17) 15... bxc4 16. Kb1 a5 17. Rc1 h6 18. Be3 {[%emt 0:01:46][%mdl 1024] White has compensation.} a4 {[%emt 0:01:55] Threatens to win with ...a3.} 19. a3 Rhb8 {[%emt 0:03:02] ...Bxa3 is the strong threat.} 20. Ka1 Nd7 (20... Rb3 $5 21. Bd1 Rbb8 $11) 21. Nd1 $1 Nc5 22. Bxc5 (22. Bxc4 $5 Bxc4 23. Rxc4 $11) 22... Bxc5 23. Bxc4 Bxc4 (23... Kd6 $5 ) 24. Rxc4 Bd4 25. Nc3 Kd6 26. Rc1 Rb3 27. Rc2 Bxc3 (27... c5 {feels hotter.} 28. Ka2 Bxc3 29. R4xc3 Rxc3 30. Rxc3 Kc6) 28. R4xc3 Rxc3 29. Rxc3 $11 {[%emt 0:00:02][%mdl 4096] Endgame KR-KR} c5 30. Kb1 Kc6 31. Rd3 f6 (31... h5 $5) 32. Kc2 h5 33. h3 hxg4 34. fxg4 c4 35. Rd5 Rh8 36. Ra5 Rxh3 {[%emt 0:00:12] And now ...Rg3 would win.} 37. Rxa4 Kc5 38. Ra7 Rh2+ 39. Kc3 Rh3+ 40. Kc2 $1 {[%emt 0:00:01] [#]} Kd4 (40... g5 $1 $17 41. a4 Kb4) 41. Rxg7 Rh2+ 42. Kb1 Kxe4 43. a4 f5 44. gxf5 Kxf5 45. a5 Rh6 46. Rc7 Ra6 47. Rc5 Ke6 48. Kc2 {[%emt 0:00:11] Strongly threatening Kc3.} Kd6 49. Rb5 Rc6 50. Kc3 Rc5 51. Kb4 Rc6 52. Rb8 e4 53. Re8 Kd5 54. Rd8+ Ke5 55. Kb5 c3 $2 {[%emt 0:01:55][%mdl 8192] [#]} 56. Kxc6 c2 57. Rd5+ {[%emt 0:00:01] Weighted Error Value: White=0.07 (flawless) /Black=0.22 (precise)} 1-0

[Event "16th HSG Open-A 2022"]
[Site "Hilversum"]
[Date "2022.06.18"]
[Round "3.10"]
[White "Floor, Dirk"]
[Black "Wagenvoorde, Guido"]
[Result "1/2-1/2"]
[ECO "A49"]
[WhiteElo "2203"]
[BlackElo "2090"]
[Annotator "TA"]
[PlyCount "60"]
[EventDate "2022.06.17"]
[EventCountry "NED"]
[SourceTitle "playchess.com"]
[Source "ChessBase"]
[SourceQuality "1"]
[TimeControl "6600+10"]

1. Nf3 Nf6 2. g3 g6 3. Bg2 Bg7 4. d4 O-O 5. O-O d6 6. a4 a5 7. Nc3 Nbd7 {[%emt 0:01:44] A49: 1 d4 Nf6 2 Nf3 g6 3 g3: Anti-King's Indian systems.} 8. d5 e5 9. dxe6 fxe6 10. e4 e5 {[%emt 0:12:21] [#]} 11. Ne1 $146 (11. Be3 {is more complex.} Ng4 12. Bg5 Ngf6 13. Nd2) ({Predecessor:} 11. Nd2 Nc5 12. Re1 Be6 13. Bf1 Qd7 14. f3 Bh6 15. b3 Bh3 16. Ba3 Bxf1 17. Nxf1 {1-0 (55) Unat,C (2130)-Risteski,E (2367) Belgrade 2021}) 11... Nc5 12. Be3 Qe7 13. f3 Be6 14. Nd3 b6 15. Rf2 Rad8 16. Rd2 Rfe8 17. Bf1 Qf8 18. Nxc5 bxc5 19. Bb5 Nd7 {[%emt 0:04:53] [#]} ({Black should try} 19... Re7 $14) 20. Qe2 (20. Nd5 $142 $1 Bxd5 21. Rxd5) 20... Bh6 $16 21. Kg2 Bxe3 22. Qxe3 Qf7 (22... Rc8 $14) 23. Bc6 ({White should play} 23. Nd5 $16 Bxd5 24. Rxd5) 23... Rf8 $11 24. Bd5 Nf6 25. Bxe6 Qxe6 26. Nd5 {[%emt 0:01:43] The position is equal.} Nxd5 27. Rxd5 Rb8 28. b3 Rb4 29. c4 Rfb8 30. Rd3 Kg7 {[%emt 0:00:07] Weighted Error Value: White=0.18 (very precise) /Black=0.14 (very precise)} 1/2-1/2

[Event "16th HSG Open-A 2022"]
[Site "Hilversum"]
[Date "2022.06.18"]
[Round "3.11"]
[White "Bloem, Mark"]
[Black "Becx, Cesar"]
[Result "0-1"]
[ECO "C63"]
[WhiteElo "1942"]
[BlackElo "2101"]
[Annotator "NA RC"]
[PlyCount "126"]
[EventDate "2022.06.17"]
[EventCountry "NED"]
[SourceTitle "playchess.com"]
[Source "ChessBase"]
[SourceQuality "1"]
[TimeControl "6600+10"]

1. e4 e5 2. Nf3 Nc6 3. Bb5 f5 4. d3 fxe4 5. dxe4 Nf6 6. O-O Bc5 7. Nc3 d6 8. h3 O-O 9. Na4 Bb6 10. Nxb6 axb6 11. Re1 Kh8 12. Bd2 Be6 13. a3 Ne7 14. Qe2 Ng6 15. Rad1 $11 Qe7 16. Bg5 h6 17. Bc1 Qf7 18. Rf1 Rad8 19. Bd3 Rde8 20. c4 Nh7 21. Nh2 Nf4 22. Bxf4 Qxf4 23. Bc2 Qh4 24. Ng4 h5 25. Ne3 g6 26. Nd5 Rf7 27. Rd3 Ref8 28. Rc3 Ng5 29. Rg3 Bxh3 30. Qe3 Bg4 31. f4 Nh7 32. f5 gxf5 33. exf5 Bxf5 34. Bxf5 Rxf5 35. Rgf3 Rxf3 36. Rxf3 Rxf3 37. Qxf3 Qxc4 38. Qf7 Qc1+ 39. Kh2 c6 40. Qe8+ Kg7 41. Qe7+ Kg8 42. Qe6+ Kg7 43. Qe7+ Kg6 44. Qxd6+ Kf5 45. Ne7+ Kf4 46. Qh6+ Ng5 47. Qf6+ Ke4 48. Qf5+ Kd4 49. Qf2+ Kd3 50. Qf5+ Kd4 51. Qf2+ Kc4 52. Qe2+ Kd4 53. Qf2+ Ke4 54. Qf5+ Kd4 55. Qf2+ Kc4 56. Qe2+ Kb3 57. Qxe5 h4 58. Nf5 h3 59. Nd4+ Ka2 60. Ne2 Qxb2 61. Nc3+ Kxa3 62. Qe7+ Kb3 63. Qxg5 Qxg2+ 0-1

[Event "16th HSG Open-A 2022"]
[Site "Hilversum"]
[Date "2022.06.18"]
[Round "3.12"]
[White "Konings, Frans"]
[Black "Klaren, Oscar"]
[Result "1-0"]
[ECO "A61"]
[WhiteElo "2136"]
[BlackElo "1878"]
[Annotator "NA RC"]
[PlyCount "51"]
[EventDate "2022.06.17"]
[EventCountry "NED"]
[SourceTitle "playchess.com"]
[Source "ChessBase"]
[SourceQuality "1"]
[TimeControl "6600+10"]

1. d4 Nf6 2. c4 c5 3. d5 e6 4. Nc3 exd5 5. cxd5 d6 6. Nf3 g6 7. Bf4 Bg7 8. Qa4+ Bd7 9. Qb3 b5 10. Bxd6 Qb6 11. Be5 O-O 12. e3 c4 13. Qd1 b4 14. Ne2 Rc8 15. Nf4 Qa5 16. Qd4 Ba4 17. Bxf6 Bxf6 18. Qxf6 Nd7 19. Qd4 c3 20. Bd3 cxb2 21. Qxb2 Rc2 $18 22. Bxc2 b3+ 23. Nd2 bxc2 24. Qd4 Rb8 25. O-O Rb4 26. Qc3 1-0

[Event "16th HSG Open-A 2022"]
[Site "Hilversum"]
[Date "2022.06.18"]
[Round "4.1"]
[White "Beerdsen, Thomas"]
[Black "Elgersma, Onno"]
[Result "1-0"]
[ECO "B12"]
[WhiteElo "2497"]
[BlackElo "2303"]
[Annotator "TA"]
[PlyCount "67"]
[EventDate "2022.06.17"]
[EventCountry "NED"]
[SourceTitle "playchess.com"]
[Source "ChessBase"]
[SourceQuality "1"]
[TimeControl "6600+10"]

1. e4 c6 2. d4 d5 3. e5 Bf5 4. h4 h5 5. c4 e6 6. Nc3 dxc4 7. Bxc4 Nd7 8. Nge2 Be7 {[%emt 0:00:05] B12: Caro-Kann: Advance Variation.} 9. Ng3 Bg6 10. Nge2 Bf5 {[%emt 0:01:28] The position is equal.} 11. g3 Nh6 12. Bf4 {[%emt 0:00:06] [#]} Qb6 $146 ({Predecessor:} 12... Ng4 13. Qd2 Qa5 14. O-O Rd8 15. Qc1 Nb6 16. Bb3 c5 17. Rd1 O-O 18. Bd2 Qa6 19. Bg5 Bxg5 20. Qxg5 c4 {0-1 (62) Vidit,S (2727)-Keymer,V (2664) Chess.com INT 2022}) 13. Qd2 Rd8 14. Rd1 Ng4 {[%emt 0:09:54][%cal Od7e5] ...Ndxe5! is the strong threat.} (14... c5 $5 ) 15. Qc1 $1 Qb4 (15... c5 $11 {keeps the balance.}) 16. Bb3 $16 Be4 17. O-O (17. a3 Qxb3 18. Nxe4 Qf3 $17) 17... Bf3 18. Bd2 Qb6 19. Bg5 Bxg5 $1 20. Qxg5 O-O {[%emt 0:04:17] [#]} ({Black should play} 20... g6 $1 $14) 21. Bc2 $1 c5 (21... Qxb2 $16 22. Rd2 Qb4) 22. Nf4 {[%emt 0:07:05] Dancing on a razor blade.} ({Much worse is} 22. Na4 $6 Qb4 23. Nf4 (23. Qxh5 f5 $15) 23... Bxd1 24. Nxh5 g6 25. Bxd1 Qxd4 26. Bxg4 Qxe5 $11) (22. Qxh5 $18 f5 23. exf6 Ndxf6 24. Qxc5) 22... Nh6 $2 {[%emt 0:03:19][%mdl 8192] [#] This move loses the game for Black.} (22... Bxd1 $2 {[#]} 23. Nxh5 $1 g6 24. Bxd1 cxd4 25. Ne4 $18) (22... cxd4 $14 23. Nxh5 (23. Qxh5 $2 f5 $17) 23... g6 24. Bxg6 Kh8) 23. Ne4 $1 $18 {[%emt 0:06:15] White wants to mate with Nf6+.} Bxe4 (23... Qxb2 {keeps fighting.} 24. Nf6+ Kh8) (23... Kh8 24. Nf6) 24. Bxe4 f5 25. Nxh5 Rf7 26. dxc5 Qc7 27. Bxb7 {[%emt 0:02:19] Hoping for c6.} Rb8 (27... Rdf8 {was worth a try.} 28. Bg2 Qxc5 29. Nxg7 Rxg7) 28. Bg2 Nxc5 (28... Ng4 $142 29. Nf4 Nf8) 29. Rd6 {[%emt 0:02:00] White is clearly winning.} Qe7 30. Rc1 Ne4 31. Bxe4 fxe4 32. Nf6+ Kh8 33. Nxe4 {[%emt 0:00:41] Black must now prevent Qg6.} Nf5 34. Qh5+ {[%emt 0:00:21] Weighted Error Value: White=0.18 (very precise) /Black=0.52} 1-0

[Event "16th HSG Open-A 2022"]
[Site "Hilversum"]
[Date "2022.06.18"]
[Round "4.2"]
[White "Harff, Marcel"]
[Black "Lanchava, Tea"]
[Result "1/2-1/2"]
[WhiteElo "2336"]
[BlackElo "2232"]
[Annotator "TA"]
[PlyCount "28"]
[EventDate "2022.06.17"]
[EventCountry "NED"]
[SourceTitle "playchess.com"]
[Source "ChessBase"]
[SourceQuality "1"]
[TimeControl "6600+10"]

1. c4 g6 2. g3 Bg7 3. Bg2 c6 4. Nc3 d6 5. Nf3 Nd7 6. d4 {[%emt 0:00:18] A10: English Opening: Unusual Replies for Black.} Nh6 (6... Ngf6 $11) 7. O-O {[%emt 0:00:26] White is more active.} O-O 8. Qc2 {[%emt 0:05:23] [#]} {Predecessor:} f5 $146 9. Ng5 Nb6 10. d5 Bd7 11. dxc6 bxc6 12. b3 Rc8 13. Rd1 Nf7 14. Nxf7 Rxf7 {1-0 (27) Hernandez Bacallado,B (1824)-Haenen,T (1823) Las Palmas 2013} 1/2-1/2

[Event "16th HSG Open-A 2022"]
[Site "Hilversum"]
[Date "2022.06.18"]
[Round "4.3"]
[White "Pham, Khoi"]
[Black "Grutter, Tim"]
[Result "0-1"]
[ECO "B48"]
[WhiteElo "2291"]
[BlackElo "2241"]
[Annotator "TA"]
[PlyCount "76"]
[EventDate "2022.06.17"]
[EventCountry "NED"]
[SourceTitle "playchess.com"]
[Source "ChessBase"]
[SourceQuality "1"]
[TimeControl "6600+10"]

1. e4 c5 2. Nf3 e6 3. d4 cxd4 4. Nxd4 Nc6 5. Nc3 Qc7 6. Be3 a6 7. g4 {[%emt 0:00:05] is more profitable than 7.Qd2 at the moment. B48: Sicilian: Taimanov: 5 Nc3 Qc7 6 Be3 a6 without Be2.} b5 8. Nxc6 Qxc6 9. Qd2 {[%emt 0:00:07] The position is equal.} Bb7 10. f3 b4 11. Ne2 d5 {[%emt 0:01:02] [#]} 12. Nd4 $146 ({Predecessor:} 12. O-O-O Nf6 13. e5 Nd7 14. Bd4 Be7 15. Kb1 O-O 16. Rc1 a5 17. f4 Nb6 18. b3 {0-1 (31) Lavrencic,M (2159)-Richter,N (2365) Terme Catez 2022}) 12... Qc7 13. exd5 Bxd5 14. O-O-O Nf6 15. g5 Nd7 16. Bg2 Bc5 17. Nf5 O-O $19 {[%emt 0:05:49] [#] Strongly threatening ...Rad8.} 18. Bxc5 $2 (18. Kb1) 18... Nxc5 (18... Qxc5 19. Qd4 exf5 20. Qxc5 (20. Qxd5 Rac8 $11) 20... Nxc5 21. Rxd5 $11) 19. Qd4 exf5 (19... f6 $142 20. c4 bxc3) 20. Qxd5 a5 ({Better is} 20... Rac8 $19 {[%cal Oc5e4] White must now prevent ...Ne4!} 21. Kb1 (21. Qxf5 $2 g6 $19) 21... Ne6 22. Qxf5 g6) 21. Qd6 $15 Qc8 22. Rd5 (22. Rhe1 $15) 22... Ne6 $17 23. f4 Ra6 ({Black should play} 23... Qc4 {...Rac8 is the strong threat.} 24. b3 Qxf4+ 25. Qxf4 Nxf4) 24. Qe5 Rc6 (24... a4 $15 25. Rd2 (25. Qxf5 b3 $17) 25... Qc4) 25. Rd2 $1 $11 Rc5 26. Bd5 a4 {[%emt 0:19:53][%cal Ob4b3] And now ...b3! would win.} 27. Qe3 {[%emt 0:16:56] Against b3} b3 28. axb3 axb3 29. Qxb3 Ra5 30. c3 Nxf4 $40 {[%emt 0:02:49][%mdl 128] White needs to defend precisely.} 31. Rhd1 $1 Nxd5 32. Rxd5 Qe6 33. Kc2 (33. c4 $11 Raa8 34. Qc3) 33... Qe2+ 34. R1d2 Qe4+ 35. R5d3 f4 36. h4 $1 Ra1 (36... Re5 $15) 37. Qd5 $2 (37. Qb4 $11 Qf5 38. Qb7) 37... Qa4+ $19 ({Not} 37... Qe1 38. Rd1 Qe2+ 39. R1d2 $17) 38. Qb3 {[%emt 0:00:04] [#]} Rc1+ $3 {[%emt 0:00:04][%mdl 512] Weighted Error Value: White=0.52/Black=0.21 (precise)} 0-1

[Event "16th HSG Open-A 2022"]
[Site "Hilversum"]
[Date "2022.06.18"]
[Round "4.4"]
[White "Wiersma, Eelke"]
[Black "Konings, Frans"]
[Result "1/2-1/2"]
[ECO "A43"]
[WhiteElo "2299"]
[BlackElo "2136"]
[Annotator "TA"]
[PlyCount "25"]
[EventDate "2022.06.17"]
[EventCountry "NED"]
[SourceTitle "playchess.com"]
[Source "ChessBase"]
[SourceQuality "1"]
[TimeControl "6600+10"]

1. e4 d6 2. d4 Nf6 3. Nc3 g6 4. Nf3 Bg7 5. Be2 O-O 6. O-O Na6 7. Re1 c5 8. d5 Nc7 9. a4 Bg4 10. h3 Bxf3 11. Bxf3 Nd7 {[%emt 0:00:50] A43: Schmid Benoni.} 12. g3 {[%emt 0:00:00] White is more active.} a6 {[%emt 0:01:51] [#]} 13. Bg2 $146 ({Predecessor:} 13. Be2 b6 14. Be3 Rb8 15. Qd2 Re8 16. Rab1 b5 17. axb5 Nxb5 18. Nxb5 axb5 19. b4 {1-0 (52) Seoev,R-Rosenfeld,I Novgorod 1961}) 1/2-1/2

[Event "16th HSG Open-A 2022"]
[Site "Hilversum"]
[Date "2022.06.18"]
[Round "4.5"]
[White "Becx, Cesar"]
[Black "Van Foreest, Machteld"]
[Result "0-1"]
[ECO "A03"]
[WhiteElo "2101"]
[BlackElo "2287"]
[Annotator "TA"]
[PlyCount "92"]
[EventDate "2022.06.17"]
[EventCountry "NED"]
[SourceTitle "playchess.com"]
[Source "ChessBase"]
[SourceQuality "1"]
[TimeControl "6600+10"]

1. f4 d5 2. Nf3 g6 3. g3 Bg7 4. Bg2 Nf6 5. O-O O-O 6. d3 c5 7. c3 {[%emt 0:04:06] 7.c3 is better than 7.Qe1.} Nc6 8. Na3 Rb8 9. Ne5 {[%emt 0:12:07] A03: Bird's Opening with 1...d5.} Nxe5 10. fxe5 Nd7 11. d4 {[%emt 0:04:17] The position is equal.} e6 12. Nc2 {[%emt 0:16:43] [#]} Qb6 $146 ({Predecessor:} 12... b6 13. Be3 Ba6 14. Qd2 Rc8 15. Ne1 f6 16. exf6 Nxf6 17. Nd3 Ne4 18. Rxf8+ Qxf8 19. Bxe4 dxe4 {1-0 (66) Movsziszian,K (2505)-Gajwa,A (2253) Bhopal 2018}) 13. e3 cxd4 14. cxd4 f6 15. exf6 Nxf6 16. b3 Bd7 17. Ba3 Rf7 18. Bc5 Qc7 19. a4 (19. Bxa7 $2 Rc8 20. Bc5 b6 $19) 19... b6 20. Bb4 a5 $36 {[%emt 0:03:18][%mdl 2048] Black is pushing.} 21. Bd2 Rbf8 (21... e5 $5 22. Rc1 Bg4 $15) 22. Na3 Bh6 (22... e5 $5 ) 23. Rc1 Qd8 24. Nb5 Qe7 {[%emt 0:04:31] Prevents Nd6.} 25. b4 (25. Nc3 $11 {remains equal.}) 25... axb4 (25... Ne4 $142 {And now ...Rxf1+ would win.} 26. Rxf7 Qxf7 27. Bxe4 Qf2+ 28. Kh1 dxe4) 26. Qb3 (26. Qe1 $17 {was worth a try.} Ne4 27. Rxf7 Rxf7 28. Bxe4 dxe4 29. Bxb4 Bxe3+ 30. Qxe3 Qxb4 31. Re1) 26... Ne4 $19 27. Bxb4 {[%emt 0:05:49] [#]} (27. Bxe4 dxe4 28. Bxb4 Rxf1+ 29. Rxf1 Rxf1+ 30. Kxf1 Qf6+ 31. Ke1 (31. Kg1 $2 Qf3 $19)) 27... Bxe3+ $1 28. Qxe3 $17 Rxf1+ 29. Rxf1 Rxf1+ (29... Qxb4 $6 30. Rxf8+ Kxf8 31. Bxe4 dxe4 32. Qxe4 $11) 30. Kxf1 Qxb4 31. Bxe4 {[%emt 0:00:16] aiming for Bc2.} Bxb5+ (31... Qxa4 32. Nc3 Qa1+ 33. Bb1 $16) 32. axb5 {[%emt 0:00:09] Threatens to win with Bd3.} dxe4 $19 {[%emt 0:00:03][%cal Bd5e4,Be4e3][%mdl 4128] Endgame KQ-KQ} 33. Qg5 (33. Qxe4 $17 {nothing else works.} Qxb5+ 34. Kg1) 33... Qc4+ 34. Kg2 $2 (34. Ke1 Qxd4 35. Qh4) 34... Qe2+ 35. Kg1 Qd1+ 36. Kg2 Qf3+ (36... Qxd4 37. Qe7 $17) 37. Kg1 e3 $1 {[%emt 0:01:30] ( -> ...Qf2+)} 38. Qf4 Qd1+ $2 (38... Qxf4 39. gxf4 Kf7) 39. Kg2 Qc2+ ({Stronger than} 39... e2 40. Qb8+ Kg7 41. Qe5+ Kh6 42. Qf4+ Kg7 43. Qe5+ Kg8 44. Qxe6+ Kf8 45. Qf6+ Kg8 46. Qe6+ Kh8 47. Qf6+ Kg8 48. Qe6+ $11) 40. Kg1 Qb1+ 41. Kg2 {[%emt 0:00:18] [#]} Qa2+ $2 ({And not} 41... Qxb5 42. Qxe3 Qf5 43. h3 $17) ({Weaker is} 41... e2 42. Qb8+ Kf7 43. Qc7+ (43. Qb7+ Ke8 $11) 43... Kg8 44. Qb8+ Kf7 45. Qc7+ (45. Qb7+ Kg8 $11) 45... Kg8 46. Qb8+ $11) (41... Qb2+ $1 $19 42. Kg1 Qxb5 43. Qxe3 Qd5) 42. Kg1 $2 (42. Kh3 $11 {and White stays safe.}) 42... Qa3 $2 ({Black should try} 42... Qa1+ $19 43. Kg2 Qb2+ 44. Kg1 Qxb5 45. Qxe3 Qf5) 43. Qe5 $2 (43. Qe4 $11) 43... Qc1+ 44. Kg2 {[%emt 0:00:06] [#]} Qc2+ $1 45. Kf3 Qf2+ 46. Kg4 h5+ {[%emt 0:00:10] Weighted Error Value: White=0.90/Black=0.55} 0-1